 Dungeon Crawl Stone Soup version 0.31.0-9-g3a7656b989 (webtiles) character file.

Game seed: 5718232611457033943

81 qw the Shooter (level 4, 0/22 HPs)
             Began as a Spriggan Hunter on Feb 3, 2024.
             Slain by Grinder (3 damage)
             ... on level 3 of the Dungeon.
             The game lasted 00:00:08 (1265 turns).

qw the Shooter (Spriggan Hunter)                    Turns: 1265, Time: 00:00:08

Health: 0/22       AC:  2    Str:  7    XL:     4   Next: 19%
Magic:  5/5        EV: 19    Int: 10    God:
Gold:   133        SH:  0    Dex: 20    Spells: 3/3 levels left

rFire   . . .        a - +0 shortbow
rCold   . . .        (shield currently unavailable)
rNeg    . . .        c - +0 robe
rPois   .            (helmet restricted)
rElec   .            (no cloak)
rCorr   .            (gloves unavailable)
SInv    +            (boots unavailable)
Will    .....        (no amulet)
Stlth   ++           (no ring)
HPRegen 0.23/turn    (no ring)
MPRegen 0.09/turn

%: no passive effects
@: very quick
A: very small, no large weapons, unfitting armour, see invisible, speed 3
a: no special abilities


You were on level 3 of the Dungeon.
You visited 1 branch of the dungeon, and saw 3 of its levels.

You collected 133 gold pieces.


Innate Abilities, Weirdness & Mutations

You are very small and have problems with some larger weapons.
You are too small for most types of armour.
You have supernaturally acute eyesight. (SInv)
You cover ground extremely quickly. (Speed+++)


   Skills:
 - Level 1.5 Fighting
 - Level 5.0 Ranged Weapons
 + Level 4.5 Dodging
 - Level 1.5 Stealth


You had 3 spell levels left.
You didn't know any spells.
Your spell library was empty.

Inventory:

Hand Weapons
 a - a +0 shortbow (weapon)
Armour
 c - a +0 robe (worn)
Potions
 b - a potion of heal wounds {unknown}
 d - a potion of lignification {unknown}
 f - a potion of might
 g - a potion of curing

Dungeon Overview and Level Annotations

Branches:
Dungeon (3/15)

Altars:

Shops:
D:1 *

Annotations:
D:3 Grinder


Message History

1241 ||| FLEEEEING.
You start resting.
Grinder is nearby!
1243 ||| FLEEEEING.
You start resting.
Grinder is nearby!
You shoot an arrow. The arrow hits Grinder.
Grinder is lightly wounded.
Grinder gestures at you. You resist with some effort.
You shoot an arrow. The arrow hits Grinder.
Grinder is moderately wounded.
You shoot an arrow. The arrow barely misses Grinder.
Grinder gestures at you. Pain shoots through your body!
Ouch! That really hurt!
You shoot an arrow. The arrow hits Grinder.
Grinder is moderately wounded.
Grinder blinks!
You start resting.
Grinder is nearby!
You shoot an arrow. The arrow barely misses Grinder.
Grinder blinks!
You start resting.
Grinder is nearby!
You shoot an arrow. The arrow hits Grinder.
Grinder is heavily wounded.
You shoot an arrow. The arrow barely misses Grinder.
You shoot an arrow. The arrow hits Grinder!
Grinder is heavily wounded.
Grinder closely misses you.
You shoot an arrow. The arrow hits Grinder.
Grinder is severely wounded.
Grinder closely misses you.
You shoot an arrow. The arrow barely misses Grinder.
Grinder barely misses you.
You shoot an arrow. The arrow barely misses Grinder.
Grinder hits you!
You writhe in agony.
You die...
Grinder says, "Now the real fun starts!"

...$.......# #.### #...#
...........# .... ....
.......5...# ####.###.###
...........# #.......>..#
...........# #.##.....#.#
...........####.#......#.#
.....#...#...##.....##.#.#
####.#...###.####.#.##.#.#
# #...# #..5@..#.##<#.#
#...# ########.##.#.#
..... ..##...# ....#
########


You could see Grinder.

Vanquished Creatures
  2 adders (D:2)
  2 ribbon worms (D:2)
  A dart slug (D:2)
  7 endoplasms
  5 hobgoblins
  3 quokkas
  8 ball pythons
  5 bats
  3 frilled lizards (D:1)
  6 goblins
  7 kobolds
  8 rats
57 creatures vanquished.

Notes
Turn   | Place    | Note
-------+----------+-------------------------------------------
     0 | D:1      | qw the Spriggan Hunter began the quest for the Orb.
     0 | D:1      | Reached XP level 1. HP: 10/10 MP: 2/2
     0 | D:1      | 0 ||| qw: Version: 0.3-a-155-g5e7d8dd
     0 | D:1      | 0 ||| qw: Game counter: 3030
     0 | D:1      | 0 ||| qw: Melee chars always use a shield: true
     0 | D:1      | 0 ||| qw: God list: Okawaru
     0 | D:1      | 0 ||| qw: Allow faded altars: false
     0 | D:1      | 0 ||| qw: Do Orc after clearing Dungeon:15 true
     0 | D:1      | 0 ||| qw: Do second Lair branch before Depths: true
     0 | D:1      | 0 ||| qw: Lair rune preference: random
     0 | D:1      | 0 ||| qw: Goals: Normal
     0 | D:1      | 0 ||| PLANNING D:1-11
    31 | D:1      | Reached skill level 3 in Dodging
    89 | D:1      | Reached XP level 2. HP: 14/14 MP: 3/3
   269 | D:1      | Found Luidu's Assorted Antiques.
   282 | D:1      | 282 ||| SHOPLISTING orange potion (23 gold, have 14).
   282 | D:1      | 282 ||| SHOPLISTING scroll labelled TELIQI TIFOU (26 gold,
                  | have 14).
   282 | D:1      | 282 ||| SHOPLISTING scroll labelled WAWULUNNAS (26 gold,
                  | have 14).
   282 | D:1      | 282 ||| SHOPLISTING scroll labelled WYJIAT IT NYX (26 gold,
                  | have 14).
   282 | D:1      | 282 ||| SHOPLISTING scroll labelled ZOMEIT KUDOO (26 gold,
                  | have 14).
   282 | D:1      | 282 ||| SHOPLISTING viscous red potion (23 gold, have 14).
   355 | D:1      | Found a faded altar of an unknown god.
   422 | D:1      | Reached XP level 3. HP: 18/18 MP: 4/4
   706 | D:1      | 706 ||| READING 2 scrolls labelled TELIQI TIFOU.
   706 | D:1      | 706 ||| IDENTIFYING murky inky potion
   707 | D:1      | 707 ||| READING scroll of identify.
   707 | D:1      | 707 ||| IDENTIFYING purple potion
   708 | D:1      | 708 ||| READING scroll labelled QUOTSY BYZUFF.
   709 | D:1      | 709 ||| READING scroll labelled VINNUEDOAMP.
   710 | D:1      | 710 ||| READING scroll labelled JADAILERIU.
   711 | D:1      | 711 ||| DROPPING scroll of butterflies.
   740 | D:2      | 740 ||| STAIRDANCE
   867 | D:2      | HP: 1/18 [ribbon worm (5)]
   869 | D:2      | Reached skill level 5 in Ranged Weapons
   933 | D:2      | 933 ||| FLEEEEING.
   934 | D:2      | 934 ||| FLEEEEING.
   936 | D:2      | 936 ||| FLEEEEING.
   937 | D:2      | 937 ||| FLEEEEING.
   938 | D:2      | 938 ||| FLEEEEING.
   974 | D:2      | Reached XP level 4. HP: 22/22 MP: 5/5
  1192 | D:2      | 1192 ||| READING 3 scrolls labelled WUUDUG CINK.
  1193 | D:2      | 1193 ||| DROPPING 2 scrolls of amnesia.
  1230 | D:3      | Noticed Grinder
  1234 | D:3      | 1234 ||| FLEEEEING.
  1235 | D:3      | 1235 ||| FLEEEEING.
  1236 | D:3      | 1236 ||| FLEEEEING.
  1237 | D:3      | 1237 ||| FLEEEEING.
  1239 | D:3      | 1239 ||| FLEEEEING.
  1240 | D:3      | 1240 ||| FLEEEEING.
  1241 | D:3      | 1241 ||| FLEEEEING.
  1243 | D:3      | 1243 ||| FLEEEEING.
  1265 | D:3      | HP: 3/22 [Grinder (8)]
  1265 | D:3      | Slain by Grinder

Levels and vault maps discovered:
D:1:      scummos_arrival_forest, layout_loops_ring, serial_shops,
          nicolae_shop_peninsula, ebering_ecumenical_altar_mist,
          lexackson_kobold_supper
D:2:      layout_rooms, minmay_misc_feat_more_columns
D:3:      layout_basic, ebering_ghost_sewer_d, uniq_grinder

Skill      XL: |  1  2  3 |
---------------+----------+-----
Dodging        | 3 4 |  4.5
Ranged Weapons | 5 |  5.0
Fighting       | |  1.5
Stealth        | |  1.5

Action                     |  1- 3 |  4- 6 || total
---------------------------+-------+-------++-------
   Fire: Shortbow          |   118 |    35 ||   153
    Use: Scroll            |     5 |     1 ||     6
 Armour: Robe              |    11 |     3 ||    14
  Dodge: Dodged            |    22 |     5 ||    27

Table legend:
 A = Non-vault XP
 B = Vault XP
 C = Vault XP percentage of total XP
 D = Non-vault monster count
 E = Vault monster count
 F = Vault count percentage of total count
                 A         B        C        D         E       F
            +---------+---------+-------+---------+---------+-------
      Total |     108 |       8 |   6.9 |      49 |       8 |  14.0
            +---------+---------+-------+---------+---------+-------
        D:1 |      40 |       8 |  16.7 |      26 |       8 |  23.5
        D:2 |      68 |       0 |   0.0 |      23 |       0 |   0.0
            +---------+---------+-------+---------+---------+-------
